 Dungeon Crawl Stone Soup version 0.20.1-1-g8b1a95d (webtiles) character file.

77 gobwax the Chopper (level 4, -14/39 HPs)
             Began as a Hill Orc Fighter on Aug 12, 2017.
             Was an Initiate of Beogh.
             Demolished by a soul eater (20 damage)
             ... summoned by a kobold demonologist
             ... on level 3 of the Dungeon.
             The game lasted 00:03:27 (1671 turns).

gobwax the Chopper (Hill Orc Fighter)               Turns: 1671, Time: 00:03:28

Health: -14/39     AC:  8    Str: 24    XL:     4   Next: 33%
Magic:  4/4        EV:  7    Int:  8    God:    Beogh [......]
Gold:   173        SH:  9    Dex: 10    Spells: 3/3 levels left

rFire    . . .     SeeInvis .   a - +0 war axe
rCold    . . .     Gourm    .   c - +0 shield
rNeg     . . .     Faith    .   b - +0 scale mail
rPois    .         Spirit   .   (no helmet)
rElec    .         Reflect  .   i - +0 cloak
rCorr    .         Harm     .   (no gloves)
MR       .....                  (no boots)
Stlth    ..........             (no amulet)
Regen    0.2/turn               (no ring)
MPRegen  0.1/turn               (no ring)

@: mighty
A: no striking features
a: Renounce Religion


You were on level 3 of the Dungeon.
You worshipped Beogh.
Beogh was noncommittal.
You were not hungry.

You visited 1 branch of the dungeon, and saw 3 of its levels.

You collected 173 gold pieces.

Inventory:

Hand Weapons
 a - a +0 war axe (weapon)
Armour
 b - a +0 scale mail (worn)
 c - a +0 shield (worn)
 i - a +0 cloak (worn)
Jewellery
 y - an uncursed amulet of rage {unknown}
Wands
 x - a wand of flame (13/48)
Scrolls
 e - a scroll of amnesia {unknown}
 j - 3 scrolls of identify {unknown}
 k - a scroll of teleportation {unknown}
 m - a scroll of random uselessness {unknown}
 o - a scroll of magic mapping {unknown}
 r - a scroll of blinking {unknown}
 s - a scroll of remove curse {unknown}
 t - a scroll of fear {unknown}
 v - a scroll of immolation {unknown}
 z - a scroll of recharging {unknown}
Potions
 d - 2 potions of might
 g - 2 potions of flight {unknown}
 h - a potion of lignification {unknown}
 l - 2 potions of degeneration {unknown}
 n - a potion of ambrosia {unknown}
 p - 2 potions of magic {unknown}
 q - a potion of curing {unknown}
 w - a potion of haste {unknown}
Comestibles
 f - 3 bread rations
 u - 2 meat rations


   Skills:
 - Level 3.6 Fighting
 * Level 5.9 Axes
 - Level 3.2 Armour
 - Level 3.2 Shields


You had 3 spell levels left.
You didn't know any spells.

Dungeon Overview and Level Annotations

Branches:
Dungeon (3/15)

Altars:

Annotations:
D:3 1 transporter


Message History

The kobold demonologist gestures wildly while chanting.
You hit the crimson imp but do no damage.
The shadow imp gestures at you. Pain shoots through your body!
The crimson imp blinks!
The soul eater draws from the surrounding life force!
The orc priest is heavily wounded.
There is an open door here.
Okay, then.
You feel very mighty all of a sudden.
The soul eater draws from the surrounding life force!
* * * LOW HITPOINT WARNING * * *
The orc priest dies!
You slash the soul eater!
The soul eater is lightly wounded.
You hit the plant. x2; You block the soul eater's attack.
You barely miss the soul eater.
The soul eater is lightly wounded.
You hit the plant. You slash the plant! The soul eater hits you!!
Ouch! That really hurt!
You die...

.. #.##.## ## ##....#
##..†### ## #..### ###.
#######..#########...
##.................#..
#..###############.###
#####..#8P#K55....#≈8#.# #
#....>.#P@#≈≈≈≈≈≈≈#.P#.# #
#.(<...#.3#.5≈≈≈..#.$#..##
#.....©#..'..P⌠≈..+$©#(..#
#......#..#..P≈≈..#.$#...#
######.#P.#≈≈≈≈≈≈≈#.P#.#..
#.#8P#55†....# .#
#.############ #
#.............
##############


You could see a soul eater, a kobold demonologist, a crimson imp and 4 shadow
imps.

Vanquished Creatures
  An adder (D:2)
  A worm (D:2)
  2 dart slugs (D:1)
  4 leopard geckos
  A ball python (D:1)
  5 bats
  6 giant cockroaches
  13 goblins
  5 hobgoblins
  A quokka (D:2)
  4 frilled lizards
  3 kobolds (D:1)
  6 rats
52 creatures vanquished.

Vanquished Creatures (others)
  An orc priest (D:3)
1 creature vanquished.

Grand Total: 53 creatures vanquished

Notes
Turn   | Place    | Note
-------+----------+-------------------------------------------
     0 | D:1      | gobwax the Hill Orc Fighter began the quest for the Orb.
     0 | D:1      | Reached XP level 1. HP: 19/19 MP: 1/1
    70 | D:1      | Reached skill level 3 in Axes
   202 | D:1      | Reached XP level 2. HP: 26/26 MP: 2/2
   260 | D:1      | Reached skill level 4 in Axes
   600 | D:1      | Reached XP level 3. HP: 31/31 MP: 3/3
   888 | D:2      | Reached skill level 5 in Axes
  1410 | D:2      | Reached XP level 4. HP: 39/39 MP: 4/4
  1564 | D:3      | Found a transporter.
  1567 | D:3      | Noticed a kobold demonologist
  1575 | D:3      | Found a transporter.
  1663 | D:3      | Became a worshipper of Beogh the Brigand
  1665 | D:3      | Noticed a soul eater
  1671 | D:3      | Demolished by a soul eater

Skill      XL: |  1  2  3 |
---------------+----------+-----
Axes           | 3 4 5 |  5.9
Fighting       | |  3.6
Armour         | |  3.2
Shields        | |  3.2

Action                   |  1- 3 |  4- 6 || total
-------------------------+-------+-------++-------
Melee: War axe           |    98 |    47 ||   145
Invok: Convert to Beogh  |       |     1 ||     1
  Use: Potion            |       |     1 ||     1
  Eat: Chunk             |     1 |     2 ||     3
Armor: Scale mail        |    42 |    30 ||    72
Dodge: Dodged            |    25 |    11 ||    36
Block: Shield            |    51 |    21 ||    72
